 Dungeon Crawl Stone Soup version 0.18.1-6-gd335043 (webtiles) character file.

1379 rutigerpupkin the Geomancer (level 8, -2/48 HPs)
             Began as a Gargoyle Earth Elementalist on May 16, 2016.
             Slain by an orc warrior
             ... wielding a +0 mace
              (16 damage)
             ... on level 6 of the Dungeon.
             The game lasted 00:16:38 (5745 turns).

rutigerpupkin the Geomancer (GrEE)                  Turns: 5745, Time: 00:16:39

Health: -2/48      AC: 15    Str: 11    XL:     8   Next: 66%
Magic:  1/15       EV: 13    Int: 19    God:
Gold:   380        SH:  4    Dex: 13    Spells: 2 memorised, 13 levels left

rFire  . . .     SeeInvis .     x - +1 mace (protect)
rCold  . . .     Gourm    .     R - +2 robe {rN+}
rNeg   + + .     Faith    .     J - +0 buckler
rPois  ∞         Spirit   .     (no helmet)
rElec  +         Dismiss  .     (no cloak)
rCorr  .         Reflect  .     K - +0 pair of gloves
SustAt .         Harm     .     (no boots)
MR     .....                    (no amulet)
Stlth  ++........               (no ring)
                                O - +3 ring of dexterity

@: not resistant to hostile enchantments, unstealthy
A: negative energy resistance 1, electricity resistance, unbreathing,
petrification resistance, rot immunity, AC +5
a: no special abilities


You were on level 6 of the Dungeon.
You were hungry.

You visited 1 branch of the dungeon, and saw 6 of its levels.

You collected 380 gold pieces.

Inventory:

Hand Weapons
 s - a +1 short sword of holy wrath
 x - a +1 mace of protection (weapon)
 L - a +0 quarterstaff
Missiles
 b - 343 stones
 k - 8 tomahawks (quivered)
Armour
 q - a +2 ring mail of poison resistance
 C - a cursed +0 ring mail
 J - a +0 buckler (worn)
 K - a +0 pair of gloves (worn)
 R - a +2 robe of positive energy (worn)
Jewellery
 r - an uncursed amulet of guardian spirit
 A - an uncursed amulet of regeneration
 O - a +3 ring of dexterity (left hand)
Wands
 y - a wand of hasting (5/9)
 I - a wand of disintegration (12/24)
Scrolls
 e - 2 scrolls of recharging {unknown}
 f - 3 scrolls of remove curse {unknown}
 h - 8 scrolls of identify {unknown}
 l - a scroll of random uselessness {unknown}
 w - a scroll of noise {unknown}
 z - a scroll of enchant weapon {unknown}
 D - 2 scrolls of teleportation {unknown}
 E - a scroll of magic mapping {unknown}
 F - 2 scrolls of blinking {unknown}
 H - a scroll of amnesia {unknown}
 M - a scroll of fear {unknown}
 N - a scroll of fog {unknown}
Potions
 a - a potion of magic {unknown}
 g - 2 potions of flight {unknown}
 n - 2 potions of ambrosia {unknown}
 o - 2 potions of degeneration {unknown}
 p - 5 potions of curing {unknown}
 t - 2 potions of agility {unknown}
 v - a potion of beneficial mutation {unknown}
 B - a potion of might {unknown}
 G - a potion of lignification {unknown}
Books
 c - a book of Geomancy

   Spells                             Type                      Level
   a - Sandblast                      Earth                        1
   b - Passwall                       Transmutation/Earth          2
   c - Stone Arrow                    Conjuration/Earth            3
   d - Petrify                        Transmutation/Earth          4
   e - Lee's Rapid Deconstruction     Earth                        5
 u - a book of Alchemy

   Spells                             Type                      Level
   a - Sublimation of Blood           Necromancy                   2
   b - Ignite Poison                  Fire/Transmutation/Poison    3
   c - Petrify                        Transmutation/Earth          4
   d - Alistair's Intoxication        Transmutation/Poison         5
   e - Irradiate                      Conjuration/Transmutation    5
 P - a book of Maledictions

   Spells                             Type                      Level
   a - Corona                         Hexes                        1
   b - Ensorcelled Hibernation        Hexes/Ice                    2
   c - Confuse                        Hexes                        3
   d - Tukima's Dance                 Hexes                        3
   e - Dazzling Spray                 Conjuration/Hexes            3
Comestibles
 d - 6 bread rations
 i - a royal jelly
 j - 8 fruits
 m - 4 meat rations


   Skills:
 + Level 3.8 Fighting
 + Level 1.9 Staves
 + Level 3.3 Dodging
 - Level 2.1 Stealth
 + Level 3.1 Shields
 + Level 5.0 Spellcasting
   Level 0.7 Transmutations
 + Level 8.2 Earth Magic


You had 13 spell levels left.
You knew the following spells:

 Your Spells              Type           Power        Failure   Level  Hunger
a - Sandblast             Erth           #####.       1%          1    None
e - Stone Arrow           Conj/Erth      ###...       10%         3    ##.....


Dungeon Overview and Level Annotations

Branches:
Dungeon (6/15)
 Temple: D:4-7

Altars:
Fedhas
Gozag
Kikubaaqudgha
Pakellas
Qazlal
Ru
Sif Muna
Zin

Shops:
D:4 =   D:6 *


Innate Abilities, Weirdness & Mutations

You are resistant to torment.
Your stone body is resilient (AC +5).
You are immune to poison.
You resist negative energy.
You are resistant to electric shocks.
You can survive without breathing.
You are immune to petrification.
You are immune to rotting.


Message History

Casting: Sandblast
Confirm with . or Enter, or press ? or * to list all spells.
Aiming: Sandblast
Press: ? - help, Shift-Dir - straight line, f/p - orc warrior
Aim: an orc warrior, wielding a mace and wearing a chain mail (almost dead)
The blast of sand hits the orc warrior.
The orc warrior is almost dead.
You block the orc warrior's attack.
Casting: Sandblast
Confirm with . or Enter, or press ? or * to list all spells.
You don't have enough magic to cast that spell.
Unknown command.
You barely miss the orc warrior.
The orc warrior is almost dead.
The orc warrior hits you with a mace!
* * * LOW HITPOINT WARNING * * *
You hit the orc warrior but do no damage.
The orc warrior is almost dead.
The orc warrior barely misses you. The orc warrior hits you with a mace!
You die...

....### ##...###.....#......
.......##.....##.....#......
.......#.......#............
..ol......._................
.......#.......#............
.########.....##............
#.##...##.............
#.######..##)## #.......####.
#......#.#.o@.# #.......####.
##....[...#....#++.......##...
.......###..............##...
#.......##.......#+#.)......
+..>........................
#...........................
##......##..................
###....########+###.#.###....
#...........#.......#+###....


You could see an orc warrior.

Vanquished Creatures
  A water moccasin (D:6)
  A phantom (D:5)
  A sky beast (D:6)
  2 ogres
  A centaur (D:5)
  A giant frog (D:6)
  2 scorpions
  3 wights (D:6)
  2 howler monkeys (D:5)
  A giant frog skeleton (D:4)
  Jessica (D:3)
  An iguana (D:5)
  Terence (D:2)
  Natasha (twice) (D:2)
  3 worker ants
  A worker ant zombie (D:4)
  4 gnolls (D:2)
  8 adders
  A shadow imp (D:5)
  5 worms
  A giant gecko (D:6)
  18 orcs
  10 bats
  2 giant cockroaches (D:3)
  9 goblins
  8 hobgoblins
  5 jackals
  7 kobolds
  6 quokkas
  A ball python (D:2)
  A giant cockroach zombie (D:5)
  2 giant newts
  A quokka skeleton (D:4)
  2 rats
115 creatures vanquished.

Notes
Turn   | Place    | Note
--------------------------------------------------------------
     0 | D:1      | rutigerpupkin the Gargoyle Earth Elementalist began the quest for the Orb.
     0 | D:1      | Reached XP level 1. HP: 10/10 MP: 3/3
   219 | D:1      | Reached skill level 4 in Earth Magic
   219 | D:1      | Reached XP level 2. HP: 14/15 MP: 0/5
   592 | D:2      | Noticed Natasha
   671 | D:2      | Killed Natasha
   671 | D:2      | Reached XP level 3. HP: 4/19 MP: 0/6
   746 | D:2      | Reached skill level 5 in Earth Magic
   898 | D:2      | Noticed Natasha
   977 | D:2      | Reached XP level 4. HP: 20/24 MP: 4/8
  1041 | D:2      | Learned a level 3 spell: Stone Arrow
  1692 | D:2      | Reached XP level 5. HP: 28/28 MP: 5/9
  1742 | D:2      | Noticed Terence
  1899 | D:2      | Found a sacrificial altar of Ru.
  1901 | D:2      | Found an ancient bone altar of Kikubaaqudgha.
  1904 | D:2      | Found an opulent altar of Gozag.
  2036 | D:2      | Killed Terence
  2036 | D:2      | Reached skill level 6 in Earth Magic
  2382 | D:2      | Killed Natasha
  2551 | D:3      | Noticed Jessica
  2554 | D:3      | Killed Jessica
  2554 | D:3      | Reached XP level 6. HP: 21/32 MP: 1/11
  3388 | D:4      | Found a deep blue altar of Sif Muna.
  3425 | D:4      | Reached skill level 1 in Fighting
  3425 | D:4      | Reached skill level 7 in Earth Magic
  3578 | D:4      | Reached XP level 7. HP: 36/39 MP: 13/13
  3592 | D:4      | Noticed an angel
  3593 | D:4      | Found a glowing silver altar of Zin.
  3625 | D:4      | Found Suggyc's Jewellery Boutique.
  3959 | D:5      | Entered Level 5 of the Dungeon
  4125 | D:5      | Reached skill level 1 in Shields
  4554 | D:5      | Found a blossoming altar of Fedhas.
  4650 | D:5      | Found a stormy altar of Qazlal.
  4800 | D:5      | Reached XP level 8. HP: 45/45 MP: 8/14
  4843 | D:6      | Found Pies's Practical Paraphernalia.
  5031 | D:6      | Reached skill level 1 in Staves
  5123 | D:6      | Reached skill level 8 in Earth Magic
  5564 | D:6      | Reached skill level 5 in Spellcasting
  5710 | D:6      | Found an oddly glowing altar of Pakellas.
  5745 | D:6      | Slain by an orc warrior

Skill      XL: |  1  2  3  4  5  6  7  8 |
---------------+-------------------------+-----
Earth Magic    | 4 5 6 7 8 |  8.2
Spellcasting   | 3 4 5 |  5.0
Fighting       | 1 2 3 |  3.8
Dodging        | 2 3 |  3.3
Shields        | 1 3 |  3.1
Staves         | 1 |  1.9
Stealth        | |  2.1
Transmutations | |  0.7

Action                   |  1- 3 |  4- 6 |  7- 9 || total
-------------------------+-------+-------+-------++-------
Melee: Club              |    12 |       |       ||    12
       Whip              |    34 |     2 |       ||    36
       Flail             |       |    87 |       ||    87
       Mace              |       |    42 |   150 ||   192
Throw: Stone             |       |     1 |       ||     1
       Tomahawk          |       |       |     2 ||     2
 Cast: Sandblast         |    26 |    72 |    64 ||   162
       Stone Arrow       |       |    19 |    22 ||    41
 Stab: Sleeping          |     2 |     2 |     1 ||     5
       Distracted        |       |       |     1 ||     1
  Eat: Chunk             |     1 |    10 |     7 ||    18
       Fruit             |       |       |     1 ||     1
Armor: Robe              |    22 |    79 |   108 ||   209
Dodge: Dodged            |    46 |   149 |   130 ||   325
Block: Buckler           |       |       |    31 ||    31
